 Dungeon Crawl Stone Soup version 0.28.0-43-g3370ac3207 (webtiles) character file.

Game seed: 17512826857391376970

5551 CryoSword the Grappler (level 10, -12/147 HPs)
             Began as a Troll Monk on Mar 27, 2022.
             Was an Elder of Kikubaaqudgha.
             Mangled by an orc warrior
             ... wielding a +0 glaive
              (15 damage)
             ... in a bailey.
             The game lasted 00:12:50 (5997 turns).

CryoSword the Grappler (Troll Monk)                 Turns: 5997, Time: 00:12:51

Health: -12/147    AC:  5    Str: 21    XL:     10   Next: 44%
Magic:  21/21      EV: 11    Int: 14    God:    Kikubaaqudgha [****..]
Gold:   330        SH:  0    Dex: 14    Spells: 9/13 levels left

rFire   . . .      SeeInvis .     - Unarmed
rCold   . . .      Faith    .   (no shield)
rNeg    . . .      Spirit   .   a - +0 robe
rPois   .          Reflect  .   (helmet restricted)
rElec   .          Harm     .   f - +0 cloak
rCorr   .          Rampage  .   (gloves unavailable)
Will    .....                   (boots unavailable)
Stlth   ..........              n - amulet of regeneration
HPRegen 1.94/turn               c - +6 ring of intelligence
MPRegen 0.17/turn               h - ring of magical power

@: berserking, very quick
A: large, unfitting armour, claws 3, regeneration 1, shaggy fur 1, tough skin 1
a: Renounce Religion, Receive Corpses


You were in a bailey.
You worshipped Kikubaaqudgha.
Kikubaaqudgha was greatly pleased with you.
You visited 2 branches of the dungeon, and saw 9 of its levels.
You also visited: Bailey.

You collected 330 gold pieces.

Inventory:

Missiles
 o - 14 poisoned darts (quivered)
 y - 4 silver boomerangs
 A - a curare-tipped dart
Armour
 a - a +0 robe (worn)
 f - a +0 cloak (worn)
   (You found it on level 2 of the Dungeon)
Magical Staves
 w - a staff of conjuration
   (You found it on level 7 of the Dungeon)
Jewellery
 c - a +6 ring of intelligence (left claw)
   (You found it on level 1 of the Dungeon)
 h - a ring of magical power (right claw)
   (You found it on level 2 of the Dungeon)
 n - an amulet of regeneration (around neck)
   (You found it on level 4 of the Dungeon)
Wands
 p - a wand of iceblast (3)
   (You took it off an orc priest on level 4 of the Dungeon)
Scrolls
 b - a scroll of enchant weapon {unknown}
 d - 4 scrolls of fog
 i - 3 scrolls of teleportation {@r4}
 q - a scroll of summoning {unknown}
 r - a scroll of acquirement {unknown}
 s - 2 scrolls of identify {@r1}
 x - a scroll of vulnerability {unknown}
 z - a scroll of noise {unknown}
 B - a scroll of magic mapping {unknown}
Potions
 e - 7 potions of curing {@q1}
 g - 2 potions of berserk rage
 j - 3 potions of brilliance
 k - a potion of lignification {unknown}
 l - a potion of haste {unknown}
 m - 2 potions of might
 t - a potion of resistance {unknown}
 u - 2 potions of heal wounds {unknown}


   Skills:
 + Level 6.0 Fighting
 + Level 4.1 Throwing
 - Level 4.1 Dodging
 - Level 1.0 Stealth
 * Level 10.0 Unarmed Combat
 - Level 2.0 Spellcasting
 * Level 6.4 Necromancy


You had 9 spell levels left.
You knew the following spells:

 Your Spells              Type           Power      Damage    Failure   Level
a - Pain                  Necr           76%        1d7       1%          1
b - Corpse Rot            Necr/Air       20%        N/A       10%         2
z - Animate Skeleton      Necr           38%        N/A       1%          1

Your spell library contained the following spells:

 Spells                   Type           Power      Damage    Failure   Level
 Sublimation of Blood     Necr           19%        N/A       2%          2
 Animate Dead             Necr           9%         N/A       17%         4
 Dispel Undead            Necr           19%        3d11      17%         4
 Anguish                  Hex/Necr       5%         N/A       54%         4
 Borgnjor's Vile Clutch   Necr/Erth      5%         N/A       87%         5
 Death Channel            Necr           9%         N/A       95%         6


Dungeon Overview and Level Annotations

Branches:
Dungeon (8/15)             Temple (1/1) D:4          Bailey (1/1)
   Lair: D:8-11

Altars:
Cheibriados
Elyvilon
Fedhas
Gozag
Hepliaklqana
Kikubaaqudgha
Nemelex Xobeh
Okawaru
Qazlal
Ru
Wu Jian
Xom
Zin

Shops:
D:1 [

Annotations:
D:3 1 runed translucent door, Crazy Yiuf


Innate Abilities, Weirdness & Mutations

You are too large for most types of armour.
You have claws for hands.
Your natural rate of healing is unusually fast.
You are covered in fur. (AC +1)
You have tough skin. (AC +1)


Message History

You scratch the orc warrior.
The goblin hits you from afar with a +0 spear.
The orc warrior closely misses you. The goblin hits you but does no damage.
You scratch the orc warrior but do no damage.
The orc warrior hits you with a +0 glaive!
The goblin hits you from afar with a +0 spear.
You claw the orc warrior!
You kill the orc warrior!
Kikubaaqudgha accepts your kill. The goblin barely misses you.
Your Fighting skill increases to level 6!
You mangle the orc priest!!
You kill the orc priest!
Kikubaaqudgha accepts your kill.
The goblin hits you but does no damage. x2
The goblin hits you with a +0 spear. The goblin hits you but does no damage.
Items here: )) [ ††.
You claw the goblin!
You kill the goblin!
Kikubaaqudgha accepts your kill. The goblin hits you but does no damage.
You barely miss the goblin. The goblin hits you but does no damage.
You mangle the goblin!!
You kill the goblin!
Kikubaaqudgha accepts your kill.
Items here: )) ††.
You enter the shallow water.
Moving in this stuff is going to be slow.
v - 2 javelins
Items here: )) ††.
Items here: )) [ ††.
Things that are here:
a +0 mace; a +0 spear; a goblin corpse
Items here: )) [ ††.
You see here a +0 spear.
You enter the shallow water.
Moving in this stuff is going to be slow.
There is a flagged portal here.
The world spins around you as you enter the gateway.
You enter a bailey!
Found a gate leading back out of this place.
There is an empty arch of ancient stone here. 2 orc warriors come into view.
Throw: 2 javelins
Aim: an orc warrior, wielding a +0 halberd and wearing a +0 scale mail (asleep, 98% to hit)
You throw a javelin.
The javelin pierces through the orc warrior.
The orc warrior shouts!
Throw: javelin
Aim: an orc warrior, wielding a +0 halberd and wearing a +0 scale mail (lightly wounded, 58% to hit)
You throw a javelin. The orc warrior shouts!
The javelin pierces through the orc warrior!
You hear a shout!
Throw: 19 darts (poison)
Aim: an orc warrior, wielding a +0 halberd and wearing a +0 scale mail (moderately wounded, 58% to hit)
You throw a poisoned dart. The poisoned dart hits the orc warrior.
The orc warrior is poisoned.
Throw: 18 darts (poison)
Aim: an orc warrior, wielding a +0 halberd and wearing a +0 scale mail (heavily wounded, poisoned, 58% to hit)
You throw a poisoned dart.
The poisoned dart closely misses the orc warrior.
Throw: 17 darts (poison)
Aim: an orc warrior, wielding a +0 halberd and wearing a +0 scale mail (heavily wounded, poisoned, 58% to hit)
You throw a poisoned dart. The poisoned dart hits the orc warrior.
The orc warrior looks even sicker.
Throw: 16 darts (poison)
Aim: an orc warrior, wielding a +0 halberd and wearing a +0 scale mail (heavily wounded, very poisoned, 58% to hit)
You throw a poisoned dart. The poisoned dart hits the orc warrior.
The orc warrior looks even sicker.
Throw: 15 darts (poison)
Aim: an orc warrior, wielding a +0 halberd and wearing a +0 scale mail (heavily wounded, very poisoned, 58% to hit)
You throw a poisoned dart. The poisoned dart hits the orc warrior.
The orc warrior looks as sick as possible!
The orc warrior closely misses you.
An orc comes into view. It is wielding a +0 trident.
The orc warrior hits you with a +0 spear!
The orc shouts!
You scratch the orc warrior. You claw the orc warrior!
You kill the orc warrior!
Kikubaaqudgha accepts your kill.
The orc warrior hits you with a +0 spear!
Your Unarmed Combat skill increases to level 10!
You claw the orc warrior! The orc warrior barely misses you.
You scratch the orc warrior but do no damage.
The orc warrior hits you with a +0 spear.
You closely miss the orc warrior.
An orc comes into view. It is wielding a +0 halberd.
An orc warrior comes into view. It is wielding a +0 glaive.
The orc warrior barely misses you.
The orc shouts!
You scratch the orc warrior. You barely miss the orc warrior.
The orc warrior hits you with a +0 spear.
An orc warrior comes into view. It is wielding a +0 glaive.
You barely miss the orc warrior.
The orc hits you from afar with a +0 trident!
The orc warrior barely misses you.
You scratch the orc warrior. The orc hits you but does no damage.
The orc warrior misses you.
You claw the orc warrior! The orc barely misses you.
The orc warrior barely misses you.
You barely miss the orc warrior. Your claw misses the orc warrior.
The orc hits you from afar with a +0 trident.
You closely miss the orc warrior. The orc warrior barely misses you.
You scratch the orc warrior but do no damage.
The orc hits you from afar with a +0 trident.
The orc warrior grunts to no one in particular.
The orc warrior hits you with a +0 spear!
You are too injured to fight recklessly!
You are too injured to fight recklessly!
You closely miss the orc warrior.
The orc warrior hits you from afar with a +0 glaive!
The orc completely misses you. The orc warrior barely misses you.
The orc closely misses you.
You claw the orc warrior!
You kill the orc warrior!
Kikubaaqudgha accepts your kill.
The orc warrior hits you from afar with a +0 glaive!
* * * LOW HITPOINT WARNING * * *
The orc barely misses you.
There is an empty arch of ancient stone here.
The orc warrior hits you from afar with a +0 glaive.
* * * LOW HITPOINT WARNING * * *
The orc curses to no one in particular.
The orc closely misses you. The orc warrior closely misses you.
The orc warrior hits you from afar with a +0 glaive!!
* * * LOW HITPOINT WARNING * * *
The orc hits you from afar with a +0 halberd!
* * * LOW HITPOINT WARNING * * *
Okay, then.
It was a potion of curing.
You feel better. The orc warrior closely misses you.
The orc warrior hits you from afar with a +0 glaive!
* * * LOW HITPOINT WARNING * * *
The orc completely misses you.
A red film seems to cover your vision as you go berserk!
You feel yourself moving faster!
You feel mighty!
The orc warrior hits you from afar with a +0 glaive!
* * * LOW HITPOINT WARNING * * *
The orc warrior closely misses you.
The orc hits you from afar with a +0 trident.
* * * LOW HITPOINT WARNING * * *
The orc hits you from afar with a +0 halberd!
* * * LOW HITPOINT WARNING * * *
You feel a strong urge to attack something.
The orc warrior hits you from afar with a +0 glaive!
You die...
Kikubaaqudgha rasps: "You have failed me!
Welcome... death!"

♣♣♣♣♣♣♣♣
♣♣......♣♣
♣...@....♣
#♣..∩oooo.♣#
#..........#
##..........##
#.....)......###
#.♣....()......♣♣
#.♣♣...(...♣.♣..♣#
.......(.......≈≈#
....#....#....≈≈≈#


You could see 2 orc warriors and 2 orcs.

Vanquished Creatures
  A boulder beetle (D:8)
  A two-headed ogre (D:7)
  Pikel (D:6)
  A troll (D:6)
  Grinder (D:3)
  A slime creature (D:6)
  A shadow (D:6)
  A wyvern (D:7)
  A water moccasin (D:5)
  5 orc warriors
  A hornet zombie (D:7)
  A sky beast (D:5)
  4 ogres
  Blork the orc (D:5)
  2 lemures (D:5)
  2 kobold brigands (D:7)
  4 bullfrogs
  2 wyvern zombies
  3 scorpions
  A water moccasin zombie (D:5)
  4 howler monkeys (D:7)
  A bullfrog zombie (D:5)
  A centaur zombie (D:5)
  7 jellies
  3 orc priests
  3 hounds
  A bullfrog skeleton (D:5)
  A centaur skeleton (D:6)
  2 iguanas
  Terence (D:2)
  4 orc wizards
  A hound skeleton (D:5)
  3 gnolls (D:3)
  6 adders
  2 howler monkey skeletons
  2 shadow imps
  2 white imps (D:7)
  An ufetubus (D:5)
  5 worms
  4 dart slugs
  25 orcs
  5 bats
  18 endoplasms
  A giant cockroach (D:3)
  10 goblins
  10 hobgoblins
  2 jackals (D:1)
  12 kobolds
  3 quokkas
  5 ball pythons
  A frilled lizard (D:2)
  A rat (D:3)
182 creatures vanquished.

Vanquished Creatures (others)
  2 orc wizards (D:4)
  An orc (D:4)
  A bush (D:5)
  9 fungi (D:6)
  15 plants (D:5)
28 creatures vanquished.

Grand Total: 210 creatures vanquished

Notes
Turn   | Place    | Note
-------+----------+-------------------------------------------
     0 | D:1      | CryoSword the Troll Monk began the quest for the Orb.
     0 | D:1      | Reached XP level 1. HP: 22/22 MP: 0/0
   279 | D:1      | Found a faded altar of an unknown god.
   457 | D:1      | Reached XP level 2. HP: 28/29 MP: 1/1
   671 | D:1      | Found Jonot's Antique Armour Shop.
  1337 | D:2      | Reached XP level 3. HP: 33/36 MP: 2/2
  1391 | D:2      | You fall into a shaft and drop 2 floors!
  1435 | D:2      | Reached skill level 4 in Unarmed Combat
  1564 | D:2      | Noticed Terence
  1570 | D:2      | Killed Terence
  1571 | D:2      | Reached XP level 4. HP: 45/45 MP: 3/3
  1862 | D:3      | Noticed Grinder
  1862 | D:3      | Paralysed by Grinder for 2 turns
  1872 | D:3      | Killed Grinder
  1873 | D:3      | Reached skill level 5 in Unarmed Combat
  1873 | D:3      | Reached XP level 5. HP: 41/53 MP: 4/4
  1873 | D:3      | Reached XP level 6. HP: 47/61 MP: 5/5
  2185 | D:3      | Found a sacrificial altar of Ru.
  2469 | D:3      | Found a runed translucent door.
  2470 | D:3      | Noticed Crazy Yiuf
  2687 | D:4      | Reached skill level 6 in Unarmed Combat
  2725 | D:4      | Found a staircase to the Ecumenical Temple.
  2735 | Temple   | Entered the Ecumenical Temple
  2837 | Temple   | Became a worshipper of Kikubaaqudgha
  2837 | Temple   | Reached * piety under Kikubaaqudgha
  2837 | Temple   | Received a gift from Kikubaaqudgha
  2837 | Temple   | Reached ** piety under Kikubaaqudgha
  2866 | D:4      | Learned a level 1 spell: Animate Skeleton
  2868 | D:4      | Learned a level 1 spell: Pain
  2871 | D:4      | Learned a level 2 spell: Corpse Rot
  2896 | D:4      | Reached XP level 7. HP: 49/68 MP: 6/6
  2940 | D:4      | Identified the +8 war axe "Daplaepeacs" {drain, SInv}
  3092 | D:4      | Found a white marble altar of Elyvilon.
  3100 | D:4      | Reached skill level 1 in Necromancy
  3256 | D:5      | Entered Level 5 of the Dungeon
  3381 | D:5      | Noticed Blork the orc
  3405 | D:5      | Killed Blork the orc
  3450 | D:5      | Found a hazy altar of Hepliaklqana.
  3456 | D:5      | Reached skill level 1 in Spellcasting
  3510 | D:5      | Reached XP level 8. HP: 76/79 MP: 8/8
  3526 | D:5      | Reached skill level 7 in Unarmed Combat
  3700 | D:5      | Found a blossoming altar of Fedhas.
  3811 | D:5      | Reached *** piety under Kikubaaqudgha
  3811 | D:5      | Received a gift from Kikubaaqudgha
  3897 | D:5      | Reached skill level 1 in Throwing
  3943 | D:6      | Noticed Pikel
  3955 | D:6      | Noticed a troll
  4103 | D:6      | Identified the +9 hand axe "Pendulum" {venom, rN+}
  4278 | D:6      | Killed a troll
  4279 | D:6      | Reached skill level 8 in Unarmed Combat
  4279 | D:6      | Reached XP level 9. HP: 79/87 MP: 11/11
  4490 | D:6      | Reached skill level 5 in Fighting
  4580 | D:6      | Killed Pikel
  4627 | D:6      | Reached skill level 5 in Necromancy
  4723 | D:6      | Found a faded altar of an unknown god.
  4723 | D:6      | Found a sparkling altar of Nemelex Xobeh.
  4743 | D:6      | Found an iron altar of Okawaru.
  4745 | D:6      | Found an ornate altar of the Wu Jian Council.
  4747 | D:6      | Found a faded altar of an unknown god.
  4867 | D:7      | Reached **** piety under Kikubaaqudgha
  4942 | D:7      | Reached skill level 9 in Unarmed Combat
  5179 | D:7      | Noticed a two-headed ogre
  5191 | D:7      | Killed a two-headed ogre
  5192 | D:7      | Reached XP level 10. HP: 60/98 MP: 12/12
  5531 | D:7      | Found a shimmering altar of Xom.
  5831 | D:8      | Noticed a boulder beetle
  5841 | D:8      | Killed a boulder beetle
  5905 | D:8      | Found a flagged portal.
  5943 | Bailey   | Entered a bailey
  5975 | Bailey   | Reached skill level 10 in Unarmed Combat
  5996 | Bailey   | HP: 2/147 [orc/+0 halberd (7)]
  5997 | Bailey   | Mangled by an orc warrior

Illustrated notes

Levels and vault maps discovered:
D:1:      nzn_arrival_depleted_hourglass, layout_basic,
          ebering_ecumenical_altar_abandoned, serial_shops,
          nicolae_lakefront_shop
D:2:      layout_rooms, uniq_terence
D:3:      layout_loops_ring, lemuel_coloured_pillars_altar, uniq_grinder,
          uniq_crazy_yiuf_cottage
D:4:      layout_rooms, lemuel_tele_altar, minmay_temple_entry_glass
D:5:      layout_gridville, fedhas_altar_decomposition,
          nicolae_hepliaklqana_hazy_memory, uniq_blork_the_orc
D:6:      lemuel_slime, layout_rooms, chequers_temple_overflow_minitemple,
          minmay_fractal_squares_diagonal_5, uniq_pikel
D:7:      layout_basic, tgw_xom
D:8:      layout_rooms, enter_bailey_5
Temple:   minmay_temple_curvy_branch
Bailey:   bailey_polearm_elven_captive_hellmonk, bailey

Skill      XL: |  1  2  3  4  5  6  7  8  9 10 |
---------------+-------------------------------+-----
Unarmed Combat | 4 5 6 8 9 10 | 10.0
Fighting       | 3 4 5 6 |  6.0
Dodging        | 3 4 |  4.1
Necromancy     | 2 4 5 6 |  6.4
Spellcasting   | 1 2 |  2.0
Throwing       | 1 3 4 |  4.1
Stealth        | |  1.0

Action                   |  1- 3 |  4- 6 |  7- 9 | 10-12 || total
-------------------------+-------+-------+-------+-------++-------
Melee: Unarmed           |    63 |    94 |   295 |    65 ||   517
       Punch             |     2 |     6 |    16 |     1 ||    25
Throw: Dart              |       |       |     7 |     6 ||    13
       Javelin           |       |       |       |     6 ||     6
 Cast: Pain              |       |       |    11 |       ||    11
       Animate Skeleton  |       |       |     3 |       ||     3
  Use: Scroll            |     2 |       |     3 |       ||     5
       Potion            |       |       |       |     2 ||     2
 Stab: Sleeping          |     2 |     3 |     1 |     1 ||     7
       Distracted        |       |       |     1 |       ||     1
Armor: Robe              |    24 |    18 |    69 |    18 ||   129
Dodge: Dodged            |    44 |    38 |   120 |    33 ||   235
